 Dungeon Crawl Stone Soup version 0.21-a0-633-g4c047d5 (webtiles) character file.

198 Lanoc the Skirmisher (level 5, 0/54 HPs)
             Began as a Troll Wanderer on Dec 28, 2017.
             Was an Initiate of Okawaru.
             Slain by an orc
             ... wielding a +0 flail
              (5 damage)
             ... on level 5 of the Dungeon.
             The game lasted 00:06:12 (2543 turns).

Lanoc the Skirmisher (Troll Wanderer)               Turns: 2543, Time: 00:06:13

Health: 0/54       AC:  5    Str: 18    XL:     5   Next: 47%
Magic:  4/4        EV: 10    Int:  9    God:    Okawaru [......]
Gold:   184        SH:  0    Dex: 11    Spells: 4/4 levels left

rFire    . . .     SeeInvis .   a - +2 mace
rCold    . . .     Gourm    +   (no shield)
rNeg     . . .     Faith    .   b - +0 robe
rPois    .         Spirit   .   (helmet restricted)
rElec    .         Reflect  .   (no cloak)
rCorr    .         Harm     .   (gloves unavailable)
MR       +....                  (boots unavailable)
Stlth    +.........             (no amulet)
HPRegen  0.58/turn              s - ring of wizardry
MPRegen  0.09/turn              v - ring of protection from magic

@: lethally poisoned (0 -> 0)
A: large, unfitting armour, claws 3, fast metabolism 3, gourmand, regeneration
1, shaggy fur 1, tough skin 2
a: Renounce Religion


You were on level 5 of the Dungeon.
You worshipped Okawaru.
Okawaru was noncommittal.
You were full.

You visited 1 branch of the dungeon, and saw 5 of its levels.

You collected 184 gold pieces.

Inventory:

Hand Weapons
 a - a +2 mace (weapon)
Armour
 b - a +0 robe (worn)
Jewellery
 s - a ring of wizardry (left claw)
 v - a ring of protection from magic (right claw)
Wands
 c - a wand of random effects (15)
Scrolls
 f - 4 scrolls of enchant weapon {unknown}
 h - 2 scrolls of amnesia {unknown}
 j - 2 scrolls of identify {unknown}
 k - 4 scrolls of teleportation {unknown}
 l - a scroll of blinking {unknown}
 n - 2 scrolls of remove curse {unknown}
 p - a scroll of magic mapping {unknown}
 t - a scroll of fog {unknown}
 x - a scroll of immolation {unknown}
Potions
 e - a potion of ambrosia {unknown}
 i - 2 potions of curing {unknown}
 m - 2 potions of agility {unknown}
 o - a potion of invisibility {unknown}
 q - a potion of magic {unknown}
 r - a potion of brilliance {unknown}
 u - a potion of degeneration {unknown}
 w - a potion of berserk rage {unknown}
 z - a potion of mutation {unknown}
Comestibles
 d - 7 rations


   Skills:
 + Level 3.8 Fighting
 * Level 3.1 Maces & Flails
 + Level 1.8 Throwing
 + Level 2.7 Dodging
   Level 1.0 Shields
 + Level 0.4 Invocations
 - Level 1.0 Evocations


You had 4 spell levels left.
You didn't know any spells.

Dungeon Overview and Level Annotations

Branches:
Dungeon (5/15)
 Temple: D:4-7

Altars:
Dithmenos
Hepliaklqana
Okawaru
Qazlal
Uskayaw
The Shining One


Innate Abilities, Weirdness & Mutations

You are too large for most types of armour.
You have claws for hands.
Your metabolism is lightning-fast.
You like to eat raw meat.
Your natural rate of healing is unusually fast.
You are covered in fur. (AC +1)
You have very tough skin. (AC +2)


Message History

The orc hits you with a mace.
* * * LOW HITPOINT WARNING * * *
You feel much better.
You feel sick. The orc barely misses you.
The orc priest invokes the aid of Beogh against you.
You resist with some effort. The orc hits you with a flail!
The orc closely misses you.
You hit the orc priest.
The orc priest is almost dead.
The orc hits you with a mace.
* * * LOW HITPOINT WARNING * * *
The orc hits you but does no damage. The orc priest hits you.
* * * LOW HITPOINT WARNING * * *
The orc barely misses you. The orc closely misses you.
You hit the orc priest.
You kill the orc priest!
Okawaru accepts your kill. The orc misses you. The orc hits you with a club!
* * * LOW HITPOINT WARNING * * *
The orc hits you but does no damage. The orc hits you with a flail.
You die...

.### ##
#####...###
..###.........#
#...#..........
..............
#.#..........# .#
#.#..o[o...#
...##.#...@o.####
#......(...o......
...............#..
.#.##..########
#...........>##
#.............##
...............#
...............#
...............#


You could see 4 orcs.

Vanquished Creatures
  An orc priest (D:5)
  A worker ant (D:5)
  7 adders
  2 worms
  3 dart slugs (D:2)
  5 leopard geckos
  An orc (D:3)
  8 giant cockroaches
  7 goblins
  6 hobgoblins
  2 jackals (D:4)
  2 ball pythons
  5 bats
  4 frilled lizards
  9 kobolds
  8 rats
71 creatures vanquished.

Notes
Turn   | Place    | Note
-------+----------+-------------------------------------------
     0 | D:1      | Lanoc the Troll Wanderer began the quest for the Orb.
     0 | D:1      | Lanoc set off with: a +2 mace, a +0 robe, a wand of random effects (15), 2 rations
     0 | D:1      | Reached XP level 1. HP: 23/23 MP: 0/0
   180 | D:1      | Reached XP level 2. HP: 28/31 MP: 1/1
   800 | D:2      | Reached skill level 1 in Throwing
   800 | D:2      | Reached XP level 3. HP: 27/37 MP: 2/2
   984 | D:2      | Reached XP level 4. HP: 38/45 MP: 3/3
  1193 | D:2      | Found a stormy altar of Qazlal.
  1544 | D:3      | Found a shadowy altar of Dithmenos.
  1705 | D:3      | Found a hazy altar of Hepliaklqana.
  2297 | D:4      | Reached XP level 5. HP: 52/54 MP: 4/4
  2310 | D:4      | Found an iron altar of Okawaru.
  2327 | D:4      | Became a worshipper of Warmaster Okawaru
  2447 | D:4      | Found a hide-covered altar of Uskayaw.
  2476 | D:4      | Found a glowing golden altar of the Shining One.
  2498 | D:5      | Entered Level 5 of the Dungeon
  2498 | D:5      | Found a hazy altar of Hepliaklqana.
  2543 | D:5      | Slain by an orc

Vault maps used:
D:1:      lightli_arrival_boilingwater, minmay_tetromino_s4
D:2:      old_standard_altar
D:3:      lemuel_round_altar, grunt_dithmenos_smoke
D:4:      kennysheep_mini, lemuel_coloured_pillars_altar,
          okawaru_metal_pillars_3, first_ration
D:5:      nicolae_ru_awakened_eye, temple_fountains, basic_altar, serial_shops,
          shop, minmay_misc_feat_x

Skill      XL: |  1  2  3  4  5 |
---------------+----------------+-----
Dodging        | 2 |  2.7
Maces & Flails | 2 3 |  3.1
Throwing       | 1 |  1.8
Fighting       | |  3.8
Shields        | |  1.0
Invocations    | |  0.4
Evocations     | |  1.0

Action                   |  1- 3 |  4- 6 || total
-------------------------+-------+-------++-------
Melee: Mace              |    94 |   109 ||   203
  Use: Potion            |       |     2 ||     2
  Eat: Chunk             |    15 |    11 ||    26
Armor: Robe              |    43 |    50 ||    93
Dodge: Dodged            |    61 |    80 ||   141

Table legend:
 A = Spawn XP
 B = Non-spawn XP
 C = Spawn XP percentage of total XP
 D = Spawn monster count
 E = Non-spawn monster count
 F = Spawn count percentage of total count
 G = Total turns spent on level
                    A         B        C        D         E        F      G
               +---------+---------+-------+---------+---------+-------+---------
         Total |       0 |     283 |   0.0 |       0 |      71 |   0.0 |  2543
               +---------+---------+-------+---------+---------+-------+---------
           D:1 |       0 |      39 |   0.0 |       0 |      24 |   0.0 |   795
           D:2 |       0 |     102 |   0.0 |       0 |      26 |   0.0 |   673
           D:3 |       0 |      33 |   0.0 |       0 |      13 |   0.0 |   574
           D:4 |       0 |      37 |   0.0 |       0 |       6 |   0.0 |   456
           D:5 |       0 |      72 |   0.0 |       0 |       2 |   0.0 |    45
               +---------+---------+-------+---------+---------+-------+---------
